AoeStats
← miguellinno

Golden Pit

503161590Analyzed
1v1 RM · 1mo ago on Aug 30, 2026· 46m 20s· 2 players
Game mode
Random Map
Map size
Tiny (2 player)
Population
200
Speed
Normal
Resources
Standard
Victory
Conquest
Starting age
Dark Age
Ending age
Imperial Age
RankedLock teamsTeams togetherTeam positionsShared explorationLock speedFull tech treeHidden civsTurbo modeCheats
Victory
Defeat
🇧🇷 Spanish · Brazil
505
+13
🇬🇧 Japanese · United Kingdom
450
-13
HasaN
15:42 Feudal Age
13:59 Loom
17:22 Padded Archer Armor
21:24 Castle Age
19:37 Double-Bit Axe
19:49 Horse Collar
21:24 Wheelbarrow
22:44 Bloodlines
22:53 Leather Archer Armor
23:42 Husbandry
30:31 Hand Cart
30:30 Bow Saw
30:23 Heavy Plow
35:34 Stone Mining
35:35 Gold Mining
40:45 Stone Shaft Mining
40:00 Town Watch
46:48 Imperial Age
miguellinno
1:52 Loom
13:51 Feudal Age
15:41 Horse Collar
15:49 Double-Bit Axe
15:32 Man-at-Arms
17:18 Stone Mining
18:29 Town Watch
20:39 Gold Mining
22:52 Wheelbarrow
29:40 Castle Age
30:13 Bloodlines
30:08 Light Cavalry
32:19 Fletching
32:30 Padded Archer Armor
32:33 Scale Mail Armor
32:38 Scale Barding Armor
33:37 Crossbowman
34:27 Scale Barding Armor
35:50 Gold Shaft Mining
39:00 Husbandry
40:18 Squires
41:08 Arson
41:35 Pikeman
43:39 Yasama
44:43 Bodkin Arrow
Connection lost

Rejoining the realm…

Still unreachable

The connection could not be restored.

Session expired

The server has moved on; the page needs a fresh start.